 Dungeon Sprint DCSS version 0.25-a0-41-g6cf4ce537d (webtiles) character file.

Game seed: 11879600748489353854, levelgen mode: deterministic

1729 GordonOverkill the Severer (level 8, -3/86 HPs)
             Began as a Minotaur Berserker on Oct 21, 2019.
             Was an Elder of Trog.
             Slain by a demonic crawler (6 damage)
             ... in the Dungeon (Sprint I: "Red Sonja").
             The game lasted 00:01:53 (429 turns).

GordonOverkill the Severer (Minotaur Berserker)      Turns: 429, Time: 00:01:53

Health: -3/86      AC:  6    Str: 25    XL:     8   Next: 76%
Magic:  7/7        EV: 11    Int:  4    God:    Trog [****..]
Gold:   180        SH:  0    Dex:  4    Spells: 7/7 levels left

rFire    . . .     SeeInvis .   a - +0 hand axe
rCold    + . .     Gourm    .   (no shield)
rNeg     . . .     Faith    .   k - +0 leather armour
rPois    .         Spirit   .   (helmet restricted)
rElec    .         Reflect  .   (no cloak)
rCorr    .         Harm     .   l - +2 pair of gloves of Spring Thaw {rC+ Regen+ Dex-5}
MR       .....     NoTele   +   (no boots)
Stlth    +.........             (no amulet)
HPRegen  0.64/turn              (no ring)
MPRegen  0.10/turn              (no ring)

@: berserk cooldown, slowed, very slow
A: retaliatory headbutt, horns 2, blurry vision 1
a: Berserk, Trog's Hand, Brothers in Arms, Renounce Religion


You were in the Dungeon.
You worshipped Trog.
Trog was greatly pleased with you.
You were very hungry.

You visited 1 branch You collected 427 gold pieces.
You spent 247 gold pieces at shops.

Inventory:

Hand Weapons
 a - a +0 hand axe (weapon)
Armour
 k - a +0 leather armour (worn)
 l - the +2 pair of gloves of Spring Thaw (worn) {rC+ Regen+ Dex-5}
   (You bought it in a shop in the Dungeon)

   It affects your dexterity (-5).
   It protects you from cold.
   It increases your rate of regeneration.
Scrolls
 i - a scroll of blinking
Potions
 b - 2 potions of mutation {unknown}
 d - a potion of curing
 e - a potion of heal wounds
 f - a potion of haste
 g - 2 potions of magic
 h - a potion of berserk rage
Comestibles
 c - a ration


   Skills:
 + Level 13.3 Fighting
 - Level 18.1 Axes
 - Level 2.4 Armour
 - Level 2.1 Dodging


You had 7 spell levels left.
You didn't know any spells.
Your spell library was empty.

Dungeon Overview and Level Annotations

Branches:
Dungeon (1/1)

Altars:
Cheibriados
Dithmenos
Elyvilon
Fedhas
Gozag
Hepliaklqana
Kikubaaqudgha
Makhleb
Nemelex Xobeh
Okawaru
Qazlal
Ru
Sif Muna
Trog
Uskayaw
Vehumet
Wu Jian
Xom
Yredelemnul
Zin
The Shining One
Jiyva
Lugonu

Shops:
D [


Innate Abilities, Weirdness & Mutations

You reflexively headbutt those who attack you in melee.
You have a pair of horns on your head.
Scrolls take you a little longer to read.


Message History

* * * LOW HITPOINT WARNING * * *
The demonic crawler closely misses you. The demonic crawler hits you.
* * * LOW HITPOINT WARNING * * *
The demonic crawler hits you!
* * * LOW HITPOINT WARNING * * *
The demonic crawler hits you!
* * * LOW HITPOINT WARNING * * *
You slash the demonic crawler! You headbutt the demonic crawler.
The demonic crawler is heavily wounded.
You hit the demonic crawler but do no damage.
You barely miss the demonic crawler.
The demonic crawler is heavily wounded.
You hit the demonic crawler.
You are no longer berserk.
You are exhausted.
You feel yourself slow down. The demonic crawler closely misses you.
The demonic crawler hits you!
* * * LOW HITPOINT WARNING * * *
The demonic crawler hits you.
You die...

################
..'..#__#..()..#
).#..'^.'..#)..##+#
####'#__####...ss.#
...#.#### #####@.+
..##[# #+## #'#_.+
รท..._# #_.#'#
##+#.# ###


You could see 2 demonic crawlers.

Vanquished Creatures
  2 demonic crawlers (D)
  2 kobold demonologists (D)
  A slime creature (D)
  A yak (D)
  Sigmund (D)
  A floating eye (D)
  An ogre (D)
  A jelly (D)
  Ijyb (D)
11 creatures vanquished.

Notes
Turn   | Place    | Note
-------+----------+-------------------------------------------
     0 | D        | GordonOverkill the Minotaur Berserker began the quest for
                  | the Orb.
     0 | D        | Reached XP level 1. HP: 19/19 MP: 0/0
     1 | D        | Noticed Ijyb
     6 | D        | Killed Ijyb
     6 | D        | Reached skill level 7 in Axes
     6 | D        | Reached XP level 2. HP: 26/26 MP: 1/1
    50 | D        | Noticed an ogre
    53 | D        | Killed an ogre
    53 | D        | Reached skill level 11 in Axes
    53 | D        | Reached XP level 3. HP: 31/31 MP: 2/2
    53 | D        | Reached XP level 4. HP: 39/39 MP: 3/3
    90 | D        | Noticed Sigmund
    96 | D        | Killed Sigmund
    96 | D        | Reached ** piety under Trog
    96 | D        | Reached skill level 14 in Axes
    96 | D        | Reached XP level 5. HP: 45/45 MP: 4/4
   155 | D        | Found a shimmering blue altar of Sif Muna.
   156 | D        | Found an ornate altar of the Wu Jian Council.
   157 | D        | Found a radiant altar of Vehumet.
   160 | D        | Reached XP level 6. HP: 47/51 MP: 5/5
   206 | D        | Found Cuelimo's Antique Armour Emporium.
   206 | D        | Found an ancient bone altar of Kikubaaqudgha.
   206 | D        | Found a hazy altar of Hepliaklqana.
   206 | D        | Found a hide-covered altar of Uskayaw.
   206 | D        | Found a basalt altar of Yredelemnul.
   206 | D        | Found an opulent altar of Gozag.
   206 | D        | Found a snail-covered altar of Cheibriados.
   206 | D        | Found a sacrificial altar of Ru.
   206 | D        | Found a shadowy altar of Dithmenos.
   206 | D        | Noticed a yak
   214 | D        | Killed a yak
   214 | D        | Reached skill level 16 in Axes
   215 | D        | Found a stormy altar of Qazlal.
   215 | D        | Found a blossoming altar of Fedhas.
   215 | D        | Found a bloodstained altar of Trog.
   215 | D        | Found an iron altar of Okawaru.
   215 | D        | Found a glowing golden altar of the Shining One.
   215 | D        | Found a glowing silver altar of Zin.
   215 | D        | Found a white marble altar of Elyvilon.
   218 | D        | Found a sparkling altar of Nemelex Xobeh.
   259 | D        | Bought a pair of brightly glowing gloves for 247 gold
                  | pieces
   264 | D        | Identified the +2 pair of gloves of Spring Thaw {rC+ Regen+
                  | Dex-5} (You bought it in a shop in the Dungeon)
   275 | D        | Found a viscous altar of Jiyva.
   275 | D        | Found a corrupted altar of Lugonu.
   275 | D        | Noticed a slime creature
   276 | D        | Found a burning altar of Makhleb.
   276 | D        | Found a shimmering altar of Xom.
   281 | D        | Killed a slime creature
   281 | D        | Reached *** piety under Trog
   281 | D        | Reached skill level 17 in Axes
   281 | D        | Reached XP level 7. HP: 34/57 MP: 6/6
   347 | D        | Noticed a kobold demonologist
   347 | D        | Noticed a kobold demonologist
   351 | D        | Received a gift from Trog
   351 | D        | Reached skill level 18 in Axes
   352 | D        | Noticed a neqoxec
   354 | D        | Gained mutation: Scrolls take you a little longer to read.
                  | [a neqoxec]
   357 | D        | Killed a kobold demonologist
   365 | D        | Killed a kobold demonologist
   365 | D        | Reached skill level 10 in Fighting
   365 | D        | Reached XP level 8. HP: 80/80 MP: 7/7
   409 | D        | Noticed a demonic crawler
   409 | D        | Noticed a demonic crawler
   409 | D        | Noticed a demonic crawler
   409 | D        | Noticed a demonic crawler
   415 | D        | Killed a demonic crawler
   415 | D        | Reached **** piety under Trog
   421 | D        | Killed a demonic crawler
   429 | D        | HP: 3/86 [demonic crawler (7)]
   429 | D        | Slain by a demonic crawler

Levels and vault maps discovered:
D:        dungeon_sprint_1 [red_sonja_temple_1, red_sonja_temple_small_1]

Skill      XL: |  1  2  3  4  5  6  7  8 |
---------------+-------------------------+-----
Axes           | 7 11 14 17 18 | 18.1
Fighting       | 10 13 | 13.3
Armour         | |  2.4
Dodging        | |  2.1

Action                   |  1- 3 |  4- 6 |  7- 9 || total
-------------------------+-------+-------+-------++-------
Melee: Hand axe          |     5 |    17 |    33 ||    55
       Headbutt          |     1 |     6 |     9 ||    16
Invok: Berserk           |     2 |     3 |     2 ||     7
  Eat: Chunk             |       |     1 |     2 ||     3
Armor: Leather armour    |       |       |     9 ||     9
Dodge: Dodged            |     2 |     6 |    19 ||    27

Table legend:
 A = Non-vault XP
 B = Vault XP
 C = Vault XP percentage of total XP
 D = Non-vault monster count
 E = Vault monster count
 F = Vault count percentage of total count
                 A         B        C        D         E       F
            +---------+---------+-------+---------+---------+-------
      Total |       0 |    2471 | 100.0 |       0 |      11 | 100.0
            +---------+---------+-------+---------+---------+-------
          D |       0 |    2471 | 100.0 |       0 |      11 | 100.0
            +---------+---------+-------+---------+---------+-------
